[Event "ICC tourney 1954 (60 10)"]
[Site "Internet Chess Club"]
[Date "2020.08.07"]
[Round "2"]
[White "OwenT"]
[Black "AlexR2007"]
[Result "0-1"]
[ICCResult "White checkmated"]
[WhiteElo "1250"]
[BlackElo "989"]
[Opening "Sicilian: Canal-Sokolsky attack, 3...Bd7"]
[ECO "B52"]
[NIC "SI.01"]
[Time "15:30:45"]
[TimeControl "3600+10"]

1. e4 c5 2. Nf3 d6 3. Bb5+ Bd7 4. Bxd7+ Nxd7 5. O-O Ngf6 6. d3 e6 7. Bg5 Be7
8. Nc3 h6 9. Bh4 O-O 10. Qd2 Qb6 11. a3 Qc7 12. d4 cxd4 13. Nxd4 Nxe4 14.
Nxe4 Bxh4 15. Nb5 Qc6 16. Nbxd6 Be7 17. Rad1 Rad8 18. Qc3 Qxc3 19. Nxc3 Bxd6
20. Rxd6 Ne5 21. Rfd1 Rxd6 22. Rxd6 Nc4 23. Rd7 Nxb2 24. Rxb7 Rc8 25. Rxb2
Rxc3 26. Ra2 f5 27. Kf1 Kf7 28. Ke2 Kf6 29. Kd2 Rc5 30. Rb2 Ra5 31. Rb3 Ra4
32. f3 g5 33. g3 h5 34. Kd3 e5 35. c4 Ke6 36. Rc3 Kd6 37. Kc2 Kc5 38. Kb3
Ra6 39. Re3 Kd4 40. Rc3 Rb6+ 41. Kc2 g4 42. c5 Rc6 43. Rd3+ Kxc5 44. Rc3+
Kb6 45. Rxc6+ Kxc6 46. f4 e4 47. Kd2 Kc5 48. Kc3 a5 49. Kd2 Kc4 50. Kc2 a4
51. Kb2 Kd3 52. Kc1 Ke2 53. Kc2 Kf2 54. Kd2 e3+ 55. Kc3 e2 56. Kb4 e1=Q+ 57.
Kxa4 Qg1 58. Kb5 Qxh2 59. a4 Qxg3 60. a5 Qxf4 61. a6 Qb8+ 62. Ka5 Qa7 63.
Kb5 Qxa6+ 64. Kxa6 h4 65. Ka5 h3 66. Ka4 h2 67. Ka3 h1=Q 68. Ka2 Qb7 69. Ka3
Ke3 70. Ka4 Kd4 71. Ka3 Kc3 72. Ka4 Qb4# {White checkmated} 0-1

[Event "ICC tourney 1954 (60 10)"]
[Site "Internet Chess Club"]
[Date "2020.08.07"]
[Round "2"]
[White "shravanr"]
[Black "falcon2020"]
[Result "1-0"]
[ICCResult "Black resigns"]
[WhiteElo "1438"]
[BlackElo "1180"]
[Opening "Petrov: French attack"]
[ECO "C42"]
[NIC "RG.03"]
[Time "15:30:52"]
[TimeControl "3600+10"]

1. e4 e5 2. Nf3 Nf6 3. Nxe5 d6 4. Nf3 Nxe4 5. d3 Nf6 6. Bf4 d5 7. d4 Bd6 8.
Bg3 Bf5 9. Nc3 Bb4 10. a3 Ba5 11. Bd3 Ne4 12. Bxe4 dxe4 13. Ne5 O-O 14. O-O
Bb6 15. Ne2 Be6 16. Nf4 Re8 17. Nxe6 Rxe6 18. Re1 Nc6 19. d5 Rxe5 20. dxc6
Rd5 21. Qe2 bxc6 22. Qxe4 g6 23. Qg4 Rd2 24. Red1 Qd5 25. Rxd2 Qxd2 26. Qc4
Rd8 27. Kf1 Rd6 28. Re1 Rf6 29. Re8+ Kg7 30. Re2 Qc1+ 31. Re1 Qd2 32. Re2
Qd4 33. Qxd4 Bxd4 34. c4 Re6 35. Rxe6 fxe6 36. b4 Bb2 37. Bxc7 Bxa3 38. Be5+
Kf7 39. b5 cxb5 40. cxb5 Ke7 41. Ke2 Kd7 42. Bd4 Kc7 43. Bxa7 Kb7 44. Bd4
Bd6 45. Kd3 h6 46. h3 e5 47. Bc3 Kb6 48. Kc4 Bc5 49. Ba5+ Kxa5 50. Kxc5 e4
51. b6 e3 52. fxe3 Ka4 53. b7 Ka3 54. b8=Q Ka2 55. Kc4 g5 56. Kc3 Ka1
{Black resigns}
1-0

[Event "ICC tourney 1954 (60 10)"]
[Site "Internet Chess Club"]
[Date "2020.08.07"]
[Round "2"]
[White "JCJ2018"]
[Black "karmapillai"]
[Result "1-0"]
[ICCResult "Black checkmated"]
[WhiteElo "997"]
[BlackElo "957"]
[Opening "Giuoco Pianissimo"]
[ECO "C50"]
[NIC "IG.02"]
[Time "15:29:56"]
[TimeControl "3600+10"]

1. e4 e5 2. Nf3 Nc6 3. Bc4 Bc5 4. d3 h6 5. Be3 Bb6 6. O-O Nf6 7. Nbd2 O-O 8.
c3 d5 9. exd5 Nxd5 10. Bxd5 Qxd5 11. Qc2 Bf5 12. Ne1 Rfd8 13. c4 Qd7 14. Ne4
Bg6 15. Qc3 f5 16. Nc5 Bxc5 17. Bxc5 b6 18. Ba3 f4 19. Rd1 e4 20. b3 exd3
21. Bb2 Qd4 22. Qxd4 Nxd4 23. Nxd3 Ne2+ 24. Kh1 Rxd3 25. Rde1 Rd2 26. Be5 c5
27. Ra1 Nd4 28. Bxf4 Re8 29. Bxd2 Re2 30. Be3 Nc2 31. Rac1 Nxe3 32. fxe3
Rxe3 33. Rce1 Rd3 34. Re7 a6 35. Re6 Bf5 36. Rxb6 Rd2 37. h3 Be4 38. Re1
Bxg2+ 39. Kg1 Rxa2 40. Rg6 Bxh3 41. Re7 Kf8 42. Rgxg7 Rg2+ 43. Rxg2 Kxe7 44.
Rh2 Bf5 45. Rxh6 Bc2 46. Rh3 a5 47. Kf2 a4 48. bxa4 Bxa4 49. Ke3 Bd7 50. Rh6
Be6 51. Rxe6+ Kxe6 52. Ke4 Kd6 53. Kf5 Kc6 54. Ke6 Kc7 55. Kd5 Kb6 56. Kd6
Kb7 57. Kxc5 Kc7 58. Kb5 Kb7 59. c5 Kc7 60. c6 Kb8 61. Kb6 Kc8 62. c7 Kd7
63. Kb7 Kd6 64. c8=R Kd5 65. Rc6 Kd4 66. Kb6 Kd5 67. Kb5 Kd4 68. Kb4 Kd5 69.
Rc1 Kd4 70. Rd1+ Ke3 71. Kc3 Ke2 72. Rd8 Ke3 73. Re8+ Kf4 74. Kd4 Kf5 75.
Re2 Kf4 76. Rf2+ Kg3 77. Rf7 Kg4 78. Ke5 Kg5 79. Rg7+ Kh4 80. Kf5 Kh3 81.
Kf4 Kh4 82. Rh7# {Black checkmated} 1-0

[Event "ICC tourney 1954 (60 10)"]
[Site "Internet Chess Club"]
[Date "2020.08.07"]
[Round "2"]
[White "thegoldenfrog"]
[Black "potatos22"]
[Result "1-0"]
[ICCResult "Black checkmated"]
[WhiteElo "1326"]
[BlackElo "952"]
[Opening "Giuoco Piano"]
[ECO "C54"]
[NIC "IG.02"]
[Time "15:30:37"]
[TimeControl "3600+10"]

1. e4 e5 2. Nf3 Nc6 3. Bc4 Bc5 4. c3 Nf6 5. d4 exd4 6. cxd4 Bb4+ 7. Bd2 Nxe4
8. Bxb4 Nxb4 9. Bxf7+ Kxf7 10. Qb3+ d5 11. Qxb4 Rf8 12. O-O Kg8 13. Nbd2 c5
14. dxc5 Rf4 15. Nxe4 dxe4 16. Rfe1 Rxf3 17. gxf3 Qg5+ 18. Kf1 exf3 19. Qb3+
Kf8 20. Qxf3+ Qf6 21. Qxf6+ gxf6 22. Re3 Bd7 23. Rd1 Bc6 24. Rd6 Kf7 25. Rg3
Re8 26. Re3 Rg8 27. Rh3 Bg2+ 28. Ke2 Bxh3 29. Rd3 Be6 30. Ke3 Re8 31. Kf3
Rc8 32. b4 b6 33. Ra3 bxc5 34. Rxa7+ Kg6 35. b5 Rb8 36. a4 c4 37. Ke3 h5 38.
h4 Kf5 39. Kd4 Rd8+ 40. Kc3 Rd3+ 41. Kc2 Rb3 42. Rc7 Rb4 43. Rc5+ Ke4 44. a5
Kd4 45. Rxh5 Bd7 46. b6 Bb5 47. Rf5 c3 48. Rf4+ Kc5 49. Rxb4 Kxb4 50. b7
Ba4+ 51. Kc1 Kxa5 52. b8=Q c2 53. h5 Bb5 54. Qc7+ Ka6 55. Qxc2 Ka5 56. h6 f5
57. h7 Bd3 58. Qxd3 Ka4 59. h8=Q f4 60. Qb8 f3 61. Qdb3+ Ka5 62. Q3b5#
{Black checkmated}
1-0

[Event "ICC tourney 1954 (60 10)"]
[Site "Internet Chess Club"]
[Date "2020.08.07"]
[Round "2"]
[White "ChessMstr"]
[Black "PirateKing"]
[Result "1-0"]
[ICCResult "Black checkmated"]
[WhiteElo "1278"]
[BlackElo "850"]
[Opening "Caro-Kann: advance variation"]
[ECO "B12"]
[NIC "CK.04"]
[Time "15:30:11"]
[TimeControl "3600+10"]

1. e4 c6 2. d4 d5 3. e5 Bf5 4. h4 h6 5. g4 Bh7 6. Bd3 Bxd3 7. Qxd3 e6 8. f4
g6 9. f5 gxf5 10. gxf5 exf5 11. Qxf5 Ne7 12. Qf3 Qd7 13. Ne2 Qf5 14. Rf1
Qxf3 15. Rxf3 Nd7 16. Be3 O-O-O 17. Rxf7 Rg8 18. Nd2 Ng6 19. Nf3 h5 20. Rh7
Rh8 21. Rxh8 Nxh8 22. O-O-O Be7 23. Ng5 Bxg5 24. Bxg5 Rf8 25. Ng3 Ng6 26.
Nxh5 Nb6 27. b3 a5 28. a4 Re8 29. Ng7 Rf8 30. e6 Rg8 31. Bf6 Nxh4 32. e7 Kd7
33. e8=Q+ Rxe8 34. Nxe8 Kxe8 35. Bxh4 Nd7 36. Re1+ Kf8 37. Re7 Nb8 38. Rxb7
Na6 39. Rb6 Nc7 40. Rxc6 Ne8 41. Rc8 Kf7 42. Rxe8 Kxe8 43. Be1 Kd7 44. Bxa5
Kc6 45. b4 Kb7 46. b5 Kb8 47. Bb6 Kb7 48. a5 Kb8 49. a6 Ka8 50. Bc5 Kb8 51.
b6 Ka8 52. b7+ Kb8 53. Bd6+ Ka7 54. b8=Q+ Kxa6 55. Kb2 Ka5 56. Kc3 Ka6 57.
Qc7 Kb5 58. Qb7+ Ka5 59. Bc7+ Ka4 60. Qb4# {Black checkmated} 1-0

[Event "ICC tourney 1954 (60 10)"]
[Site "Internet Chess Club"]
[Date "2020.08.07"]
[Round "2"]
[White "kd9junior"]
[Black "ryan-simshauser"]
[Result "1-0"]
[ICCResult "Black checkmated"]
[WhiteElo "1282"]
[BlackElo "850"]
[Opening "Queen's pawn game"]
[ECO "E10"]
[NIC "TD.01"]
[Time "15:30:53"]
[TimeControl "3600+10"]

1. d4 Nf6 2. c4 e6 3. Nf3 d5 4. g3 c5 5. Bg2 Nc6 6. O-O Be7 7. Nc3 O-O 8.
cxd5 Nxd5 9. Nxd5 exd5 10. b3 Bf6 11. Bb2 Be6 12. Qc2 cxd4 13. Rfd1 Rc8 14.
Qd2 d3 15. Bxf6 Qxf6 16. Qxd3 Rfd8 17. Rac1 Bf5 18. Qb5 b6 19. Rxd5 Rxd5 20.
Qxd5 h6 21. Nh4 Ne7 22. Rxc8+ Bxc8 23. Qd8+ Kh7 24. Be4+ g6 25. f4 Bh3 26.
Bg2 Bxg2 27. Nxg2 Qa1+ 28. Kf2 Nf5 29. g4 Qd4+ 30. Qxd4 Nxd4 31. Ke3 Nc2+
32. Ke4 b5 33. a4 a6 34. axb5 axb5 35. Kd5 b4 36. e4 Kg7 37. e5 f6 38. e6
Kf8 39. Kd6 Ke8 40. f5 gxf5 41. gxf5 Nd4 42. Ne3 Nxb3 43. Nd5 Kf8 44. e7+
Kf7 45. Nc7 Nc5 46. e8=Q+ Kg7 47. Kxc5 b3 48. Qg6+ Kh8 49. Ne6 b2 50. Qg7#
{Black checkmated}
1-0

[Event "ICC tourney 1954 (60 10)"]
[Site "Internet Chess Club"]
[Date "2020.08.07"]
[Round "2"]
[White "EdwardTarte"]
[Black "gsgirl"]
[Result "0-1"]
[ICCResult "White resigns"]
[WhiteElo "1188"]
[BlackElo "1072"]
[Opening "Benko's opening"]
[ECO "A00"]
[NIC "VO.09"]
[Time "15:30:07"]
[TimeControl "3600+10"]

1. g3 d5 2. Bg2 Nf6 3. b3 Bf5 4. Bb2 e6 5. d3 Nc6 6. Nd2 Bb4 7. e3 Qd7 8.
Ne2 O-O-O 9. O-O h5 10. a3 Bd6 11. a4 h4 12. a5 hxg3 13. fxg3 a6 14. Nf3 Rh7
15. Kf2 Ng4+ 16. Kg1 Nxe3 17. Qd2 Nxf1 18. Rxf1 Rdh8 19. Bh1 Bg4 20. Rf2
Bxf3 21. Bxf3 f5 22. Nd4 Nxd4 23. Bxd4 e5 24. Bb2 e4 25. dxe4 dxe4 26. Bd1
Bc5 {White resigns} 0-1

[Event "ICC tourney 1954 (60 10)"]
[Site "Internet Chess Club"]
[Date "2020.08.07"]
[Round "2"]
[White "stephenwilly"]
[Black "Metaworldchess"]
[Result "0-1"]
[ICCResult "White checkmated"]
[WhiteElo "1129"]
[BlackElo "1345"]
[Opening "Sicilian"]
[ECO "B56"]
[NIC "SI.25"]
[Time "15:30:53"]
[TimeControl "3600+10"]

1. e4 c5 2. Nf3 d6 3. d4 cxd4 4. Nxd4 Nf6 5. Nc3 Nc6 6. Be3 e5 7. Nf3 Be7 8.
Bc4 O-O 9. O-O a6 10. h3 b5 11. Bb3 Be6 12. Re1 Rb8 13. a3 Na5 14. Bd5 Nc4
15. Bc1 Nb6 16. Bb3 Qc7 17. Ng5 Bc4 18. Nd5 Nfxd5 19. exd5 Nxd5 20. Bxc4
Qxc4 21. Re4 Qc6 22. Qh5 Nf6 23. Qh4 h6 24. Re2 Nh7 25. f4 hxg5 26. fxg5 Qc4
27. Re4 Qe6 28. Qh5 Qg6 29. Qg4 f5 30. gxf6 Qxg4 31. Rxg4 Nxf6 32. Rg6 Kf7
33. Rg3 Ne4 34. Rg4 d5 35. b3 Bc5+ 36. Kh2 Bd4 37. Rb1 Nc3 38. Ra1 Ne2 39.
Rb1 Nxc1 40. Rxc1 Rbc8 41. Rf1+ Kg8 42. Rc1 Bb2 43. Rd1 Rfd8 44. a4 bxa4 45.
Rxa4 Rxc2 46. Rxa6 Bc3 47. Rc6 d4 48. b4 Rb8 49. Re6 Rxb4 50. Rxe5 d3 51.
Re3 d2 52. Rxc3 Rxc3 53. Rxd2 Rbc4 54. Rd7 Rc2 55. Kg1 Ra4 56. Rb7 Ra1+ 57.
Kh2 Raa2 58. Kg3 Rxg2+ 59. Kh4 Ra6 60. Rb8+ Kh7 61. Rb5 Rh6+ 62. Rh5 g5#
{White checkmated}
0-1

[Event "ICC tourney 1954 (60 10)"]
[Site "Internet Chess Club"]
[Date "2020.08.07"]
[Round "2"]
[White "MBashur"]
[Black "mihirppatil04"]
[Result "0-1"]
[ICCResult "White checkmated"]
[WhiteElo "903"]
[BlackElo "1271"]
[Opening "Queen's pawn, Mason variation"]
[ECO "D00"]
[NIC "QP.08"]
[Time "15:47:36"]
[TimeControl "3600+10"]

1. d4 d5 2. Bf4 Bf5 3. e3 e6 4. Nf3 Nf6 5. Nbd2 c5 6. dxc5 Bxc5 7. Bd3 Bg4
8. O-O Nc6 9. c3 e5 10. b4 Bd6 11. b5 Ne7 12. Bg5 e4 13. Bxf6 gxf6 14. Bxe4
dxe4 15. Nxe4 Be5 16. Qxd8+ Rxd8 17. Nxe5 fxe5 18. Nf6+ Kf8 19. Nxg4 Ng6 20.
Rfd1 Kg7 21. f4 exf4 22. exf4 Nxf4 23. c4 a6 24. bxa6 bxa6 25. Ne5 Rde8 26.
Re1 f6 27. Nc6 Rc8 28. Re4 Nh3+ 29. gxh3 Rxc6 30. Rae1 Rhc8 31. Rc1 f5 32.
Rd4 Kf6 33. Kf2 Rb8 34. Re1 Rb4 35. a3 Rbxc4 36. Rxc4 Rxc4 37. Kf3 a5 38.
Re8 Rc3+ 39. Re3 Rxe3+ 40. Kxe3 Ke5 41. h4 h5 42. a4 f4+ 43. Kf3 Kf5 44. h3
Ke5 45. Ke2 Ke4 46. Kf2 f3 47. Ke1 Ke3 48. Kf1 f2 49. Kg2 Ke2 50. Kh2 f1=Q
51. Kg3 Qf5 52. Kh2 Kf3 53. Kh1 Qc2 54. Kg1 Qg2# {White checkmated} 0-1

[Event "ICC tourney 1954 (60 10)"]
[Site "Internet Chess Club"]
[Date "2020.08.07"]
[Round "2"]
[White "meahulm"]
[Black "worldcupgirl"]
[Result "0-1"]
[ICCResult "White resigns"]
[WhiteElo "981"]
[BlackElo "1377"]
[Opening "Sicilian: Kan variation"]
[ECO "B41"]
[NIC "SI.41"]
[Time "15:30:32"]
[TimeControl "3600+10"]

1. e4 c5 2. Nf3 e6 3. d4 cxd4 4. Nxd4 a6 5. Be3 b5 6. Bd3 Bb7 7. O-O d6 8.
Nc3 Nf6 9. Qf3 Be7 10. Nce2 O-O 11. Ng3 Nbd7 12. Qe2 Ne5 13. f4 Nxd3 14.
cxd3 Rc8 15. Nh5 Rc7 16. Kh1 Qa8 17. Rf2 Rfc8 18. e5 dxe5 19. fxe5 Nd5 20.
Qg4 g6 21. Bh6 Nb4 22. Nxe6 Nxd3 23. Rff1 Nxe5 24. Nxc7 Nxg4 25. Nxa8 Nxh6
26. Nb6 Rc2 27. Nf6+ Bxf6 28. Rxf6 Rxg2 29. Raf1 Rg3+ 30. R6f3 Rxf3 31. Rxf3
Bxf3+ 32. Kg1 Nf5 33. Kf2 Bc6 34. Nc8 {White resigns} 0-1

[Event "ICC tourney 1954 (60 10)"]
[Site "Internet Chess Club"]
[Date "2020.08.07"]
[Round "2"]
[White "Mikanikal"]
[Black "nguyencaptures"]
[Result "0-1"]
[ICCResult "White checkmated"]
[WhiteElo "1196"]
[BlackElo "1135"]
[Opening "Queen's pawn, Mason variation"]
[ECO "D00"]
[NIC "QP.08"]
[Time "15:30:36"]
[TimeControl "3600+10"]

1. d4 d5 2. Bf4 Bf5 3. e3 a6 4. Bd3 Bxd3 5. Qxd3 Nf6 6. h3 e6 7. Nf3 Be7 8.
O-O O-O 9. c4 c6 10. Nc3 Nbd7 11. Rac1 Rc8 12. Rfe1 Re8 13. e4 dxe4 14. Nxe4
Nc5 15. Nxc5 Bxc5 16. Qb3 Be7 17. Qxb7 Bd6 18. Ne5 Re7 19. Qxa6 Rec7 20. c5
Be7 21. Red1 Nd5 22. Bh2 Bf6 23. Qe2 Ra8 24. a3 Raa7 25. Ng4 Rcb7 26. Nxf6+
Nxf6 27. Rd3 Rb5 28. b4 Qa8 29. Qe5 Rxa3 30. Rxa3 Qxa3 31. Re1 Qxb4 32. Qd6
Qxe1# {White checkmated} 0-1

[Event "ICC tourney 1954 (60 10)"]
[Site "Internet Chess Club"]
[Date "2020.08.07"]
[Round "2"]
[White "Aadarsh99"]
[Black "CheckMate33"]
[Result "0-1"]
[ICCResult "White resigns"]
[WhiteElo "1051"]
[BlackElo "1346"]
[Opening "King's Indian: fianchetto without c4"]
[ECO "A49"]
[NIC "QP.06"]
[Time "15:30:25"]
[TimeControl "3600+10"]

1. d4 Nf6 2. Nf3 g6 3. g3 Bg7 4. Bg2 O-O 5. O-O d5 6. b3 Nbd7 7. Bb2 Ne4 8.
Nbd2 Ndf6 9. Ne5 Nxd2 10. Qxd2 Ne4 11. Qd3 Nf6 12. c4 Bf5 13. Qd1 c6 14. Re1
Rc8 15. Rc1 Be6 16. e3 h6 17. c5 Nd7 18. Nd3 Bf5 19. Nf4 e5 20. Nd3 Bxd3 21.
Qxd3 e4 22. Qe2 f5 23. f3 Nf6 24. Rf1 Kh7 25. Bc3 exf3 26. Bxf3 Qe7 27. Rce1
Ne4 28. Bxe4 fxe4 29. Qg4 Rxf1+ 30. Rxf1 Rf8 31. Rf4 b6 32. Bb4 b5 33. Ba5
h5 34. Qh3 Bh6 35. Rxf8 Qxf8 36. Bd2 Qf3 37. Qd7+ Bg7 38. Qxc6 Qd1+ 39. Kg2
Qe2+ 40. Kh3 Qf1+ 41. Kh4 Bf6+ {White resigns} 0-1

[Event "ICC tourney 1954 (60 10)"]
[Site "Internet Chess Club"]
[Date "2020.08.07"]
[Round "2"]
[White "SreeVSundaram"]
[Black "srsmv"]
[Result "0-1"]
[ICCResult "White checkmated"]
[WhiteElo "631"]
[BlackElo "1205"]
[Opening "QGD: exchange, positional line"]
[ECO "D35"]
[NIC "QO.16"]
[Time "15:30:52"]
[TimeControl "3600+10"]

1. d4 d5 2. c4 e6 3. Nc3 Nf6 4. cxd5 exd5 5. Bg5 Nbd7 6. e3 h6 7. Bh4 Be7 8.
Bd3 O-O 9. Nf3 c5 10. O-O b6 11. Rc1 Bb7 12. Re1 Qc7 13. Nb5 Qb8 14. Bg3 Qd8
15. Nd6 Bxd6 16. Bxd6 Re8 17. dxc5 Ne4 18. c6 Nxd6 19. cxb7 Nxb7 20. e4 Nf6
21. e5 Nd7 22. Bb5 a6 23. Bc6 Rb8 24. Qxd5 Ndc5 25. Qxd8 Rexd8 26. Red1 Rdc8
27. Bxb7 Nxb7 28. h3 Nc5 29. b4 Ne4 30. Re1 Nc3 31. a3 Ne2+ 32. Rxe2 Rxc1+
33. Kh2 Rc3 34. Re3 Rxe3 35. fxe3 Rc8 36. Nd2 Rc3 37. Nb1 Rxe3 38. g4 Rxe5
39. Kg2 Re2+ 40. Kg3 Rb2 41. Nc3 Rb3 42. Kf4 Rxc3 43. h4 Rxa3 44. Kf5 Ra4
45. g5 hxg5 46. hxg5 Rxb4 47. g6 fxg6+ 48. Kxg6 a5 49. Kf5 a4 50. Ke5 a3 51.
Kf5 a2 52. Ke5 a1=Q+ 53. Kd5 Qd4+ 54. Kc6 Qc5+ 55. Kb7 Ra4 56. Kb8 b5 57.
Kb7 Ra7+ 58. Kb8 Qc7# {White checkmated} 0-1

[Event "ICC tourney 1954 (60 10)"]
[Site "Internet Chess Club"]
[Date "2020.08.07"]
[Round "2"]
[White "Outschoorn"]
[Black "che108642"]
[Result "0-1"]
[ICCResult "White checkmated"]
[WhiteElo "1163"]
[BlackElo "1424"]
[Opening "Sicilian defense"]
[ECO "B20"]
[NIC "SI.48"]
[Time "15:30:29"]
[TimeControl "3600+10"]

1. e4 c5 2. Bc4 e6 3. Nf3 a6 4. a4 d5 5. exd5 exd5 6. Qe2+ Be7 7. Ba2 Nf6 8.
d3 O-O 9. O-O h6 10. c4 d4 11. Nbd2 Nc6 12. Re1 Bd6 13. Ne4 Nxe4 14. Qxe4
Bd7 15. Bd2 Qf6 16. Qh4 Qxh4 17. Nxh4 Ne5 18. Bb1 g5 19. Nf3 Nxf3+ 20. gxf3
Bc6 21. Kg2 Kh7 22. Bc2 g4 23. h4 gxh3+ 24. Kxh3 Bxf3 25. Bd1 Bc6 26. f3 Rg8
27. f4 Rg2 28. Re2 Rag8 29. Rxg2 Rxg2 30. Bc1 Rf2 31. Kg3 Rf1 32. Bh5 Bxf4+
33. Bxf4 Rxa1 34. Bxf7 Rxa4 35. Be6 Ra2 36. Bf5+ Kg7 37. Be5+ Kf7 38. b4
cxb4 39. Bxd4 b3 40. Bg4 Kg6 41. Kf4 b2 42. Bf5+ Kf7 43. Ke5 b1=Q 44. Be6+
Ke8 45. c5 Re2+ 46. Kd6 Qxd3 47. Kc7 Qxd4 48. Bc8 a5 49. Bxb7 Bxb7 50. Kxb7
Qxc5 51. Ka8 Kf7 52. Kb7 Kg6 53. Ka6 Re6+ 54. Kb7 Qe7+ 55. Kc8 Qf8+ 56. Kc7
Qf7+ 57. Kc8 Re8# {White checkmated} 0-1

[Event "ICC tourney 1954 (60 10)"]
[Site "Internet Chess Club"]
[Date "2020.08.07"]
[Round "2"]
[White "narayan0811"]
[Black "BotanicalKnight"]
[Result "1/2-1/2"]
[ICCResult "Game drawn because neither player has mating material"]
[WhiteElo "1127"]
[BlackElo "1393"]
[Opening "Caro-Kann: Panov-Botvinnik attack"]
[ECO "B13"]
[NIC "CK.02"]
[Time "15:30:15"]
[TimeControl "3600+10"]

1. e4 c6 2. d4 d5 3. exd5 cxd5 4. c4 Nf6 5. Nf3 e6 6. Nc3 Bb4 7. Bg5 O-O 8.
cxd5 exd5 9. Be2 Bg4 10. O-O Be7 11. h3 Bh5 12. Rc1 Nc6 13. Qb3 Bxf3 14.
Bxf3 Nxd4 15. Qd1 Nxf3+ 16. Qxf3 h6 17. Bxf6 Bxf6 18. Qxd5 Bxc3 19. Qxd8
Rfxd8 20. Rxc3 Rac8 21. Rb3 Rc7 22. Re1 Rdc8 23. Kh2 b6 24. Rd1 g6 25. Rd4
Rc2 26. Kg3 Re2 27. Rd7 Rcc2 28. Rf3 f5 29. Rxa7 Rxb2 30. a4 Re6 31. Rc3
Rbe2 32. Rcc7 Kf8 33. Ra8+ Re8 34. Rxe8+ Rxe8 35. Rc6 Kg7 36. Rxb6 Ra8 37.
Rb4 Kf6 38. Kf4 Ra6 39. Ke3 Re6+ 40. Kd3 Rd6+ 41. Rd4 Rb6 42. Kc3 Rc6+ 43.
Rc4 Re6 44. a5 Re2 45. Rf4 g5 46. Rf3 Ra2 47. Kb4 Rb2+ 48. Kc5 Ra2 49. Kb6
Rb2+ 50. Ka7 Re2 51. Rb3 Rxf2 52. Rb6+ Kg7 53. a6 Rxg2 54. Kb7 h5 55. a7 Ra2
56. a8=Q Rxa8 57. Kxa8 g4 58. hxg4 hxg4 59. Kb7 g3 60. Kc6 Kf6 61. Kd5+ Kg5
62. Rb1 Kg4 63. Ke5 f4 64. Ke4 g2 65. Rg1 Kg3 66. Rxg2+ Kxg2 67. Kxf4
{Game drawn because neither player has mating material}
1/2-1/2

[Event "ICC tourney 1954 (60 10)"]
[Site "Internet Chess Club"]
[Date "2020.08.07"]
[Round "2"]
[White "glassviper"]
[Black "TigranJunior"]
[Result "0-1"]
[ICCResult "White resigns"]
[WhiteElo "925"]
[BlackElo "1304"]
[Opening "Bird's opening"]
[ECO "A02"]
[NIC "VO.07"]
[Time "15:31:11"]
[TimeControl "3600+10"]

1. f4 c6 2. Nf3 d5 3. e3 Bg4 4. Be2 e6 5. O-O Nf6 6. h3 Bxf3 7. Bxf3 Be7 8.
d4 Nbd7 9. Nd2 O-O 10. e4 dxe4 11. Nxe4 Nxe4 12. Bxe4 Nf6 13. Bf3 Rb8 14.
Be3 Nd5 15. Bf2 Nxf4 16. Bg3 Bd6 17. Bxc6 Nxh3+ 18. gxh3 Bxg3 19. Be4 Qg5
20. Bg2 Bd6 21. c3 Qg3 22. Rf3 Qg6 23. c4 b6 24. Rc3 Rbd8 25. Qf3 e5 26. Rd1
exd4 27. Rcd3 Bc5 28. a3 a5 29. Rb1 Rde8 30. Qd1 Re3 31. Rxe3 dxe3 32. Qe1
Qc2 33. b4 axb4 34. axb4 Be7 35. Rc1 Qf2+ 36. Qxf2 exf2+ 37. Kxf2 Bxb4 38.
Ke3 Bc5+ 39. Kf4 Re8 40. Bd5 Be3+ {White resigns} 0-1

[Event "ICC tourney 1954 (60 10)"]
[Site "Internet Chess Club"]
[Date "2020.08.07"]
[Round "2"]
[White "nagapraneel"]
[Black "nogf-Sadge"]
[Result "0-1"]
[ICCResult "White checkmated"]
[WhiteElo "874"]
[BlackElo "1305"]
[Opening "Sicilian"]
[ECO "B50"]
[NIC "SI.01"]
[Time "15:30:48"]
[TimeControl "3600+10"]

1. e4 c5 2. Nf3 d6 3. Nc3 Nf6 4. d3 Nc6 5. Bf4 e5 6. Be3 Be7 7. Nd5 Nxd5 8.
exd5 Nd4 9. Nxd4 cxd4 10. Bd2 Qb6 11. Be2 Qxb2 12. Qb1 Qxb1+ 13. Rxb1 b6 14.
O-O Bb7 15. Bf3 O-O 16. c4 dxc3 17. Bxc3 Rfc8 18. Rfc1 Bg5 19. Bg4 Rc5 20.
Rc2 Ba6 21. Rbb2 Bxd3 22. Bb4 Rxc2 23. Rxc2 Bxc2 24. g3 Be4 25. Bxd6 f5 26.
Be2 Rc8 27. f3 Be3+ 28. Kg2 Bxd5 29. Bxe5 Rc2 30. Kf1 Bc4 31. Bxc4+ Rxc4 32.
Ke2 Bc5 33. Kd3 Ra4 34. g4 fxg4 35. fxg4 Rxa2 36. Kc4 Ra4+ 37. Kd3 Rxg4 38.
Kc3 Kf7 39. h3 Rh4 40. Kd3 Rxh3+ 41. Kc4 g5 42. Bd4 Rh4 43. Kd3 Rxd4+ 44.
Ke3 a5 45. Kf3 a4 46. Ke3 a3 47. Kf3 a2 48. Ke3 a1=Q 49. Kf3 Qc3+ 50. Kf2
Rd2+ 51. Kf1 Qc1# {White checkmated} 0-1

[Event "ICC tourney 1954 (60 10)"]
[Site "Internet Chess Club"]
[Date "2020.08.07"]
[Round "2"]
[White "GradyL"]
[Black "Locolobomofo"]
[Result "0-1"]
[ICCResult "White forfeits on time"]
[WhiteElo "940"]
[BlackElo "371"]
[Opening "King's pawn game"]
[ECO "C50"]
[NIC "IG.03"]
[Time "15:30:14"]
[TimeControl "3600+10"]

1. e4 e5 2. Nf3 Nc6 3. Bc4 Nh6 4. Nc3 d6 5. d3 g6 6. Be3 Bg7 7. O-O Bd7 8.
Qd2 Ng4 9. Bg5 Qc8 10. h3 Nf6 11. Kh2 O-O 12. Nd5 Nh5 13. Bb5 f6 14. Bxc6
Rf7 15. Bxd7 Qxd7 16. Be3 c6 17. Nc3 Re8 18. Bxa7 d5 19. exd5 cxd5 20. Bc5
f5 21. b3 e4 22. dxe4 Qc7+ 23. Kg1 Qxc5 24. Na4 Qc6 25. exd5 Qc7 26. Rad1 b5
27. d6 Qc6 28. Nd4 Bxd4 29. Qxd4 bxa4 30. Qxa4 Qe4 31. Qxe4 fxe4 32. Rfe1
Rd7 33. c4 Kf7 34. c5 Nf6 35. b4 Rc8 36. Rc1 Ke6 37. Red1 Ra7 38. Rc2 Nd5
39. Rb2 Nc3 40. Rdd2 Nd5 {White forfeits on time} 0-1

[Event "ICC tourney 1954 (60 10)"]
[Site "Internet Chess Club"]
[Date "2020.08.07"]
[Round "2"]
[White "palashg"]
[Black "Knighthhhh"]
[Result "0-1"]
[ICCResult "White resigns"]
[WhiteElo "945"]
[BlackElo "651"]
[Opening "French: exchange variation"]
[ECO "C01"]
[NIC "FR.01"]
[Time "15:31:11"]
[TimeControl "3600+10"]

1. e4 e6 2. d4 d5 3. exd5 exd5 4. Nf3 Nf6 5. Bd3 Bg4 6. Nbd2 Bd6 7. O-O O-O
8. b3 Nbd7 9. Bb2 c6 10. c4 Qc7 11. Qc2 h6 12. c5 Be7 13. Rfe1 Rfe8 14. Bf5
Bxf3 15. Nxf3 Bf8 16. Ne5 Nxe5 17. dxe5 Nd7 18. e6 Nxc5 19. exf7+ Qxf7 20.
Bg6 Rxe1+ 21. Rxe1 Qc7 22. Qf5 Rd8 23. Ba3 Qa5 24. b4 Qxa3 25. bxc5 Qc3 26.
Qe6+ Kh8 27. h3 Qf6 28. Qxf6 gxf6 29. Re6 Kg7 30. Re8 Rxe8 31. Bxe8 Bxc5 32.
Bd7 Kf7 33. Bc8 Ke7 34. Bxb7 Kd7 35. Kf1 Kc7 36. Ba8 Bb6 37. Ke1 Kd6 38. Ke2
c5 39. Kd2 Ba5+ 40. Kc2 Ke5 41. f4+ Ke4 42. f5 Ke5 43. Kd3 c4+ 44. Kc2 Kd4
45. h4 Kc5 46. h5 d4 47. Be4 d3+ 48. Bxd3 cxd3+ 49. Kxd3 Kd5 50. g4 Ke5 51.
Ke3 Bb6+ 52. Kf3 Bd4 53. Kg3 Be3 54. Kf3 Bg5 55. Kg3 Ke4 56. Kh3 Kf4 57. Kg2
Kxg4 {White resigns} 0-1